cohdb
Replays
Latest Replays
All Replays
Popular Replays
Top Player Replays
Match Explorer
How It Works
Community
CoH3 Stats
Reddit
Sign in to upload your games and track your stats! →
Sign in with Steam
Match 43038666
Unlisted
Match 43038666
Overview
Messages
Build Orders
End
Kradschützen Motorcycle Team
Selects Italian Infantry
250 Light Carrier
Panzergrenadier Squad
Construct Light Support Kompanie
MG34 Team
Fire Support Elements
Selects Guastatori Squad
Guastatori Squad
Selects Registered Artillery
Construct Panzerarmee Kommand
Vehicle Survival Package
Selects Defensive Operations
Armored Reserves
Registered Artillery
Kradschützen Motorcycle Team
StuG Assault Group
Emergency Repair Kits
Selects Prepared Positions
Rapid Advance
Registered Artillery
Registered Artillery
Tiger Heavy Tank
Kradschützen Motorcycle Team
DEHIM
BravoTwoZer0
mav2kfk
Bran
DrewP
Dillbro
0
0
Comments
sign in to comment!
No comments posted yet!